 Dungeon Crawl Stone Soup version 0.30.0-12-gd5a94ecb5d (webtiles) character file.

Game seed: 16105897947162371654

58265 McKennaii the Devastator (level 14, -10/93 HPs)
             Began as a Demigod Conjurer on May 17, 2023.
             Mangled by a skyshark (19 damage)
             ... on level 5 of the Lair of Beasts.
             The game lasted 00:30:10 (25721 turns).

McKennaii the Devastator (Demigod Conjurer)        Turns: 25721, Time: 00:30:11

Health: -10/93     AC: 11    Str:  8    XL:     14   Next: 14%
Magic:  34/38      EV: 12    Int: 38    God:
Gold:   1116       SH:  0    Dex: 12    Spells: 36/43 levels left

rFire   + . .        J - +8 spear "Nesch" {flame, Contam rElec rF+ rN+}
rCold   + + .        (no shield)
rNeg    + + .        u - +2 robe {rC+}
rPois   .            j - +1 hat
rElec   +            H - scarf {repulsion}
rCorr   .            L - +2 pair of gloves
SInv    .            e - +2 pair of boots {Fly}
Will    +....        (no amulet)
Stlth   ++           M - ring "Pevefox" {rC+ Int+2}
HPRegen 0.35/turn    K - ring of positive energy
MPRegen 0.26/turn

%: repel missiles
@: flying, slowed, very slow
A: high MP 1, forlorn, divine attributes
a: no special abilities


You were on level 5 of the Lair of Beasts.
You visited 2 branches of the dungeon, and saw 20 of its levels.

You collected 1410 gold pieces.
You spent 294 gold pieces at shops.

Inventory:

Hand Weapons
 J - the +8 spear "Nesch" (weapon) {flame, Contam rElec rF+ rN+}
   (You found it on level 7 of the Dungeon)

   rF:        It protects you from fire.
   rElec:     It insulates you from electricity.
   rN:        It protects you from negative energy.
   Contam:    It causes magical contamination when unequipped.
Armour
 e - a +2 pair of boots of flying (worn)
 j - a +1 hat (worn)
 u - a +2 robe of cold resistance (worn)
 H - a scarf of repulsion (worn)
 L - a +2 pair of gloves (worn)
Jewellery
 q - a ring of see invisible
 E - a +6 ring of strength
 K - a ring of positive energy (right hand)
 M - the ring "Pevefox" (left hand) {rC+ Int+2}
   (You found it on level 3 of the Lair of Beasts)

   [ring of protection from cold]

   Int:       It affects your intelligence (+2).
   rC:        It protects you from cold.
Wands
 p - a wand of roots (13)
 v - a wand of polymorph (14)
 w - a wand of quicksilver (16)
 z - a wand of flame (37)
 C - a wand of mindburst (2)
Scrolls
 a - 3 scrolls of identify
 d - a scroll of acquirement {unknown}
 f - a scroll of brand weapon
 h - 4 scrolls of torment
 i - 5 scrolls of blinking
 l - a scroll of vulnerability
 n - 3 scrolls of teleportation
 o - 4 scrolls of poison
 r - 3 scrolls of enchant armour
 x - 3 scrolls of magic mapping
 y - a scroll of fog
 A - 2 scrolls of immolation
 F - a scroll of fear
 G - 4 scrolls of amnesia
Potions
 b - 2 potions of magic
 c - 4 potions of lignification
 g - a potion of invisibility
 k - 15 potions of curing
 m - 2 potions of flight
 s - 4 potions of berserk rage
 t - 10 potions of ambrosia
 B - 3 potions of heal wounds
 D - 3 potions of might
 I - 2 potions of haste


   Skills:
 - Level 4.0 Armour
 - Level 1.7 Dodging
 - Level 1.7 Stealth
 + Level 15.2 Spellcasting
 + Level 16.8 Conjurations


You had 36 spell levels left.
You knew the following spells:

 Your Spells              Type           Power      Damage    Failure   Level
a - Magic Dart            Conj           100%       1d8       0%          1
b - Searing Ray           Conj           100%       2d8       0%          2
c - Iskenderun's Mystic   Conj/Tloc      75%        2d15      1%          4

Your spell library contained the following spells:

 Spells                   Type           Power      Damage    Failure   Level
 Call Imp                 Summ           56%        N/A       1%          2
 Dazzling Flash           Conj/Hex       100%       N/A       1%          3
 Mephitic Cloud           Conj/Pois/Air  64%        N/A       1%          3
 Fulminant Prism          Conj/Hex       37%        3d17      1%          4
 Agony                    Necr           28%        N/A       32%         5
 Silence                  Hex/Air        14%        N/A       32%         5


Dungeon Overview and Level Annotations

Branches:
Dungeon (15/15)            Temple (0/1) D:6            Lair (5/5) D:9
 Shoals (0/4) Lair:3        Snake (0/4) Lair:2          Orc (0/2) D:10
 Vaults (0/5) D:13         Depths (0/4) D:15
  Slime: Lair:4-5

Shops:
D:2 =   D:7 !([=

Annotations:
D:13 Gabide's ghost, adept DjCj
D:15 3 runed translucent doors, dvd2's ghost, journeyman GrGl
Lair:4 exclusion: oklob plant


Innate Abilities, Weirdness & Mutations

You have an increased reservoir of magic. (+10% MP)
You shall have no god before yourself.
Your divine heritage dramatically boosts your attributes as you level up.


Message History

The death yak is lightly wounded.
The death yak is knocked back by the mystic blast.
The death yak collides with the cane toad!
The cane toad is lightly wounded.
The death yak is lightly wounded.
The mystic blast hits the yak!
The yak is moderately wounded.
The yak is knocked back by the mystic blast.
The mystic blast hits the yak!
The yak is moderately wounded.
The yak is knocked back by the mystic blast.
The mystic blast hits the torpor snail!
The torpor snail is moderately wounded.
The torpor snail is knocked back by the mystic blast.
The torpor snail slams into the rock wall!
The torpor snail is moderately wounded.
The mystic blast hits the death yak!
The death yak is lightly wounded.
The death yak is knocked back by the mystic blast.
The death yak slams into the rock wall!
The mystic blast hits the wolf!
The wolf is severely wounded.
The wolf is knocked back by the mystic blast.
The mystic blast hits the death yak but does no damage.
The mystic blast hits the death yak!
The death yak is lightly wounded.
The death yak is knocked back by the mystic blast.
The death yak collides with the yak!
The yak is heavily wounded.
The death yak is lightly wounded.
The mystic blast hits the death yak!
The death yak is lightly wounded.
The death yak is knocked back by the mystic blast.
The death yak collides with the yak!
The yak is heavily wounded.
The death yak is lightly wounded.
The mystic blast hits the skyshark!
The skyshark is moderately wounded.
The skyshark is knocked back by the mystic blast.
The death yak misses you. The death yak closely misses you.
The skyshark bites you!!
You die...

...... .#...##
#...^.###
#.....#P# .
.......# ...
#.....#
.....#Yhl.#
....YY†@Y.#
...##..Fw##
#.YY..#
..Y.....
....Y......
............
.............
..............


You could see 5 death yaks, a skyshark (berserk), a torpor snail, 3 yaks, a cane
toad and a wolf.

Vanquished Creatures
  An ettin (shapeshifter) (D:15)
  A hydra (Lair:4)
  Fannar (Lair:1)
  4 ogre magi
  Erolcha (D:13)
  2 catoblepae
  5 centaur warriors
  16 two-headed ogres
  3 tengu warriors
  A boulder beetle (Lair:3)
  Urug (Lair:1)
  A death yak (Lair:5)
  A skyshark (Lair:3)
  A wizard (D:14)
  A wolf spider (D:15)
  2 deep elf pyromancers
  4 manticores
  4 cyclopes
  8 ugly things
  2 black mambas
  A guardian serpent (shapeshifter) (D:14)
  8 cane toads
  Psyche (D:11)
  A rime drake (Lair:3)
  An unseen horror (D:13)
  A kobold demonologist (D:13)
  4 komodo dragons
  A tengu conjurer (D:15)
  2 unseen horror zombies (D:8)
  3 meliai (D:13)
  Grinder (D:4)
  A queen bee (D:9)
  6 trolls
  A hornet (Lair:3)
  11 blink frogs
  Prince Ribbit (Lair:3)
  A raiju (shapeshifter) (D:13)
  3 wyverns
  9 slime creatures
  2 shadows
  A wraith (D:13)
  41 yaks
  2 basilisks
  6 vampire mosquitoes
  A steam dragon (Lair:1)
  An acid dragon (D:10)
  4 nagas (Lair:2)
  8 water moccasins
  3 black bears
  3 orc warriors
  An ice beast (D:4)
  2 sky beasts (D:7)
  8 ogres
  12 centaurs
  5 wolves
  3 kobold brigands
  13 bullfrogs
  4 scorpions
  3 wights (D:7)
  17 killer bees (D:9)
  2 howler monkeys
  3 electric eels (D:13)
  2 lava snakes (D:15)
  3 centaur zombies (D:8)
  8 hounds
  A jelly (D:7)
  Crazy Yiuf (D:4)
  8 orc priests
  2 gnoll boudas
  9 orc wizards
  2 iguanas (D:5)
  3 killer bee zombies (D:8)
  A howler monkey zombie (D:8)
  7 adders
  11 gnolls
  A river rat (D:4)
  3 shadow imps
  5 white imps
  3 worms
  3 dart slugs
  21 orcs
  5 ball pythons
  5 bats
  5 endoplasms
  6 giant cockroaches
  5 goblins
  2 hobgoblins (D:3)
  3 jackals (D:1)
  24 kobolds
  3 quokkas
  5 frilled lizards
  8 rats
427 creatures vanquished.

Notes
Turn   | Place    | Note
-------+----------+-------------------------------------------
     0 | D:1      | McKennaii the Demigod Conjurer began the quest for the Orb.
     0 | D:1      | Reached XP level 1. HP: 14/14 MP: 5/5
   461 | D:1      | Reached XP level 2. HP: 20/20 MP: 4/7
   573 | D:1      | Reached skill level 4 in Conjurations
  1044 | D:2      | Learned a level 2 spell: Searing Ray
  1220 | D:2      | Reached XP level 3. HP: 26/26 MP: 5/9
  1274 | D:2      | Found Jolium's Jewellery Boutique.
  1737 | D:3      | Found the amulet of Elemental Vulnerability {rPois rF--
                  | rC-- AC+8}
  1785 | D:3      | Reached XP level 4. HP: 33/33 MP: 9/11
  2251 | D:4      | Found a runed translucent door.
  2252 | D:4      | Noticed Crazy Yiuf
  2360 | D:4      | Noticed an ice beast
  2369 | D:4      | Killed an ice beast
  2370 | D:4      | Reached skill level 5 in Conjurations
  2370 | D:4      | Reached XP level 5. HP: 38/38 MP: 1/13
  2644 | D:4      | Reached XP level 6. HP: 34/45 MP: 3/15
  2814 | D:4      | Noticed Grinder
  2835 | D:4      | Paralysed by Grinder for 4 turns
  2839 | D:4      | Killed Grinder
  2840 | D:4      | Reached skill level 6 in Conjurations
  2840 | D:4      | Reached XP level 7. HP: 45/50 MP: 1/17
  2866 | D:4      | Reached skill level 5 in Spellcasting
  3743 | D:4      | Killed Crazy Yiuf
  3802 | D:5      | Entered Level 5 of the Dungeon
  3875 | D:5      | Reached skill level 7 in Conjurations
  4273 | D:5      | Reached XP level 8. HP: 36/57 MP: 12/20
  4426 | D:5      | Learned a level 4 spell: Iskenderun's Mystic Blast
  4901 | D:6      | Found a staircase to the Ecumenical Temple.
  4906 | D:6      | Identified the +0 robe of Weightlessness {Will+ rCorr
                  | Str-5}
  5702 | D:7      | Reached skill level 8 in Conjurations
  5750 | D:7      | Found Guniss's Distillery.
  5758 | D:7      | Bought a potion of heal wounds for 70 gold pieces
  5758 | D:7      | Bought a potion of curing for 42 gold pieces
  5758 | D:7      | Bought a potion of curing for 42 gold pieces
  5758 | D:7      | Bought a potion of haste for 140 gold pieces
  5801 | D:7      | Identified the +8 spear "Nesch" {flame, Contam rElec rF+
                  | rN+}
  6627 | D:7      | Reached XP level 9. HP: 53/62 MP: 12/24
  6632 | D:7      | Reached skill level 9 in Conjurations
  6819 | D:7      | Found Elumime's Jewellery Shop.
  6841 | D:7      | Found Tuttig's Armour Boutique.
  6938 | D:7      | Found Jelohan's Weapon Emporium.
  7804 | D:8      | Reached skill level 10 in Conjurations
  8678 | D:9      | Found a staircase to the Lair.
  8732 | D:9      | Reached XP level 10. HP: 65/69 MP: 17/27
  9939 | D:10     | Entered Level 10 of the Dungeon
  9955 | D:10     | Found a staircase to the Orcish Mines.
  9991 | D:10     | Reached skill level 11 in Conjurations
 10352 | D:10     | Reached skill level 10 in Spellcasting
 10935 | D:10     | Reached skill level 1 in Armour
 11217 | D:11     | Noticed a two-headed ogre
 11228 | D:11     | Killed a two-headed ogre
 11357 | D:11     | Noticed a cyclops
 11372 | D:11     | Killed a cyclops
 11374 | D:11     | Noticed a manticore
 11442 | D:11     | Killed a manticore
 11443 | D:11     | Reached XP level 11. HP: 69/74 MP: 5/30
 11482 | D:11     | Reached skill level 12 in Conjurations
 11786 | D:11     | Noticed Psyche
 11793 | D:11     | Killed Psyche
 12289 | D:12     | Noticed a two-headed ogre
 12298 | D:12     | Killed a two-headed ogre
 12432 | D:12     | Noticed a two-headed ogre
 12441 | D:12     | Killed a two-headed ogre
 12926 | D:12     | Noticed a deep elf pyromancer
 12930 | D:12     | Killed a deep elf pyromancer
 13289 | D:13     | Noticed a two-headed ogre
 13290 | D:13     | Noticed a two-headed ogre
 13292 | D:13     | Noticed an ogre mage
 13293 | D:13     | Noticed a centaur warrior
 13309 | D:13     | Killed a two-headed ogre
 13310 | D:13     | Reached skill level 13 in Conjurations
 13316 | D:12     | Killed a two-headed ogre
 13446 | D:13     | Killed an ogre mage
 13447 | D:13     | Killed a centaur warrior
 13571 | D:13     | Found a gate to the Vaults.
 13759 | D:13     | Noticed a centaur warrior
 13782 | D:13     | Killed a centaur warrior
 13783 | D:13     | Reached XP level 12. HP: 34/81 MP: 16/32
 13857 | D:13     | Noticed a centaur warrior
 13939 | D:13     | Found a large runed translucent door.
 14005 | D:13     | Found a large runed translucent door.
 14007 | D:13     | Noticed Gabide's ghost (adept DjCj)
 14026 | D:13     | Noticed Erolcha
 14027 | D:13     | Noticed a catoblepas
 14053 | D:13     | Killed Erolcha
 14097 | D:13     | Killed a catoblepas
 14679 | D:13     | Killed a centaur warrior
 14816 | D:13     | Reached skill level 14 in Conjurations
 15749 | D:14     | Noticed a centaur warrior
 15769 | D:14     | Killed a centaur warrior
 16316 | D:15     | Entered Level 15 of the Dungeon
 16323 | D:15     | Noticed an ogre mage
 16346 | D:14     | Killed an ogre mage
 16604 | D:15     | Noticed an ogre mage
 16606 | D:15     | Paralysed by an ogre mage for 4 turns
 16692 | D:15     | Killed an ogre mage
 16693 | D:15     | Reached skill level 15 in Conjurations
 16693 | D:15     | Reached XP level 13. HP: 53/86 MP: 17/35
 17964 | D:15     | Paralysed by something for 2 turns
 18191 | D:15     | Found a runed translucent gate.
 18191 | D:15     | Found a runed translucent gate.
 18191 | D:15     | Found a runed translucent gate.
 18193 | D:15     | Noticed dvd2's ghost (journeyman GrGl)
 18310 | D:15     | a seven-headed hydra changed into a broodmother
 18310 | D:15     | Noticed a broodmother (glowing shapeshifter)
 18312 | D:15     | a broodmother changed into an ettin
 18390 | D:15     | Found a staircase to the Depths.
 18813 | Lair:1   | Entered Level 1 of the Lair of Beasts
 19159 | Lair:1   | Noticed Urug
 19181 | Lair:1   | Killed Urug
 19299 | Lair:1   | Noticed Fannar
 19769 | Lair:1   | Killed Fannar
 20103 | Lair:1   | Reached skill level 16 in Conjurations
 21293 | Lair:2   | Found a staircase to the Snake Pit.
 21482 | Lair:2   | Identified the +0 leather armour of a Million Dances {rC+
                  | rN+ Will+ Dex+4}
 23170 | Lair:3   | Found a staircase to the Shoals.
 23795 | Lair:3   | Noticed Prince Ribbit
 23809 | Lair:3   | Reached skill level 15 in Spellcasting
 23813 | Lair:3   | Killed Prince Ribbit
 23814 | Lair:3   | Reached XP level 14. HP: 53/93 MP: 2/38
 24175 | Lair:3   | Identified the ring "Pevefox" {rC+ Int+2}
 24939 | Lair:4   | Identified the scarf of the Unseen Realm {shadows, *Slow
                  | rElec rPois SInv}
 25593 | Lair:5   | Entered Level 5 of the Lair of Beasts
 25721 | Lair:5   | Mangled by a skyshark

Illustrated notes

Levels and vault maps discovered:
D:1:      dpeg_arrival_solitude, layout_basic
D:2:      layout_rooms, basic_altar, serial_shops, nicolae_shop_stone
D:3:      layout_basic, trog_three_pillars_becter
D:4:      layout_loops_corners, portal_sewer_entry_e, nrook_campfire,
          uniq_grinder, uniq_crazy_yiuf_cottage
D:5:      layout_basic
D:6:      layout_loops_cross, grunt_temple_overflow_open, jmf_multi_god_temple,
          minmay_temple_entry_antechambers
D:7:      layout_loops_ring, makhleb_grotto_becter, serial_shops, shop,
          nicolae_shop_industrial_runoff, nicolae_square_shop,
          nicolae_shop_stone, minmay_puff
D:8:      layout_cave_pools, nicolae_yredelemnul_corpse_copse
D:9:      layout_loops_ring, good_gods_mini_temple, dpeg_oklobed_lair,
          minivault_7
D:10:     layout_roguey, mainiacjoe_overflow_brackets, orc_0_dummy
D:11:     layout_loops_ring, minmay_splitting_lines, kennysheep_orc_sif_temple,
          uniq_psyche
D:12:     layout_roguey
D:13:     nicolae_moon_pools, layout_basic, david_vaults_2,
          ebering_ghost_disaster_area, uniq_erolcha
D:14:     layout_rooms, serial_park_tiny_1, nicolae_kite_square_tiling_tiny,
          minmay_stone_trees_medium
D:15:     hangedman_depths_entry_try_elsewhere_first, layout_basic,
          gammafunk_ghost_hydra_chop, small_statue_intersection,
          nicolae_qazlal_general_emergency
Lair:1:   layout_cave_pods, serial_rivers, chequers_serial_rivers_micro_c,
          chequers_serial_rivers_marsh, chequers_serial_rivers_room_a,
          chequers_serial_rivers_large_b, chequers_serial_rivers_room_b,
          uniq_fannar, uniq_urug
Lair:2:   layout_layer_cave, minmay_snake_entry_guardpost_small,
          lemuel_fruit_tree, grunt_megastairs_3
Lair:3:   layout_roguey, elwin_shoals_entry_rocks, serial_bayou_shore_b,
          uniq_prince_ribbit2
Lair:4:   layout_hall_layers, minmay_slime_entry_oklob_enclosed
Lair:5:   guppyfry_lair_end_dragon, layout_hall_layers,
          hangedman_lair_caniforms_friends, enter_volcano_4

Skill      XL: |  1  2  3  4  5  6  7  8  9 10 11 12 13 |
---------------+----------------------------------------+-----
Spellcasting   | 2 3 4 6 7 9 10 12 13 15 | 15.2
Conjurations   | 4 5 6 7 8 10 11 13 15 16 | 16.8
Armour         | 2 4 |  4.0
Dodging        | |  1.7
Stealth        | |  1.7

Action                     |  1- 3 |  4- 6 |  7- 9 | 10-12 | 13-15 || total
---------------------------+-------+-------+-------+-------+-------++-------
  Melee: Unarmed           |     6 |       |       |       |       ||     6
         Short sword       |       |    29 |    18 |       |       ||    47
         Punch             |       |     1 |     1 |     1 |     1 ||     4
         Spear             |       |       |    12 |    75 |    60 ||   147
   Cast: Magic Dart        |    78 |    31 |   242 |   127 |   224 ||   702
         Searing Ray       |     1 |    12 |    54 |    86 |    49 ||   202
         Iskenderun's Myst |       |       |     7 |   143 |   162 ||   312
  Evoke: Wand              |       |       |       |    10 |    10 ||    20
    Use: Scroll            |       |     1 |    10 |     5 |    10 ||    26
         Potion            |       |       |       |     1 |       ||     1
 Armour: Robe              |     4 |    26 |   100 |    38 |    43 ||   211
         Troll leather arm |       |       |       |   100 |    29 ||   129
  Dodge: Dodged            |    11 |    29 |   140 |   193 |   112 ||   485
         Repelled          |       |       |       |     7 |     2 ||     9
